 Dungeon Crawl Stone Soup version 0.31-a0-237-g2d982f9f85 (webtiles) character file.

Game seed: 17065480252652165447

65 qw the Shooter (level 3, 0/29 HPs)
             Began as a Minotaur Hexslinger on July 11, 2023.
             Succumbed to an adder's poison
             ... on level 3 of the Dungeon.
             The game lasted 00:00:38 (1260 turns).

qw the Shooter (Minotaur Hexslinger)                Turns: 1260, Time: 00:00:38

Health: 0/29       AC:  4    Str: 12    XL:     3   Next: 94%
Magic:  3/3        EV: 12    Int: 10    God:
Gold:   126        SH:  0    Dex: 14    Spells: 3/4 levels left

rFire   . . .        Y - +1 sling
rCold   . . .        (no shield)
rNeg    . . .        d - +0 leather armour
rPois   .            (helmet restricted)
rElec   .            (no cloak)
rCorr   .            h - +0 pair of gloves
SInv    .            (no boots)
Will    .....        (no amulet)
Stlth   +            (no ring)
HPRegen 0.24/turn    (no ring)
MPRegen 0.08/turn

%: no passive effects
@: lethally poisoned (0 -> -5)
A: horns 2, retaliatory headbutt
a: no special abilities


You were on level 3 of the Dungeon.
You visited 1 branch of the dungeon, and saw 3 of its levels.

You collected 126 gold pieces.


Innate Abilities, Weirdness & Mutations

You have a pair of horns on your head.
You reflexively headbutt those who attack you in melee.


   Skills:
 - Level 2.0 Fighting
 + Level 4.5 Ranged Weapons
 - Level 2.1 Dodging
 - Level 1.0 Spellcasting
 - Level 2.0 Hexes


You had 3 spell levels left.
You knew the following spells:

 Your Spells              Type           Power      Damage    Failure   Level
a - Slow                  Hex            16%        N/A       19%         1

Your spell library contained the following spells:

 Spells                   Type           Power      Damage    Failure   Level
 Inner Flame              Hex/Fire       2%         N/A       65%         3
 Portal Projectile        Hex/Tloc       4%         N/A       65%         3
 Cause Fear               Hex            2%         N/A       88%         4

Inventory:

Hand Weapons
 Y - a +1 sling (weapon)
Armour
 d - a +0 leather armour (worn)
 h - a +0 pair of gloves (worn)
Jewellery
 a - the ring of Fidi {rF+ Int+6 Stlth+}
   (You found it on level 3 of the Dungeon)

   [ring of intelligence]

   Int:       It affects your intelligence (+6).
   rF:        It protects you from fire.
   Stlth:     It makes you more stealthy.
Potions
 b - a potion of might {unknown}
 c - a potion of magic {unknown}
 e - a potion of resistance
 f - a potion of berserk rage {unknown}
 g - a potion of cancellation {unknown}
 i - a potion of lignification {unknown}

Dungeon Overview and Level Annotations

Branches:
Dungeon (3/15)

Altars:
Gozag


Message History

You shoot a sling bullet. The sling bullet hits the adder.
The adder is almost dead.
You feel sick. The adder misses you. The ball python bites you.
The ball python barely misses you. The adder closely misses you.
You shoot a sling bullet.
The sling bullet barely misses the adder.
You feel sick.
You are no longer poisoned.
The adder barely misses you.
You shoot a sling bullet. The sling bullet misses the adder.
The adder bites you. The adder bites you but does no damage.
The adder misses you. The adder bites you but does no damage.
You shoot a sling bullet. The sling bullet hits the adder.
The adder is almost dead.
The adder barely misses you. The adder bites you.
You are poisoned.
The adder poisons you!
You shoot a sling bullet. The sling bullet misses the adder.
The sling bullet closely misses the ball python.
You feel sick. The adder bites you.
The ball python bites you but does no damage.
The ball python grabs you. The ball python constricts you.
The adder barely misses you. x2; The ball python closely misses you.
The ball python constricts you.
You shoot a sling bullet.
The sling bullet closely misses the ball python.
You feel sick. The adder closely misses you. You furiously retaliate!
You headbutt the adder. The adder bites you but does no damage.
The ball python closely misses you. The ball python constricts you.
The adder barely misses you. The adder bites you.
You shoot a sling bullet. The sling bullet hits the ball python.
You kill the ball python!
You feel sick.
You are no longer poisoned.
The adder bites you.
You are poisoned.
The adder poisons you! The adder bites you. The adder misses you.
You shoot a sling bullet.
The sling bullet closely misses the adder.
You die...

###....##P$$$P#.# #..%
#.#.#)#P$$$P..# ##.#
#. #.##.PPPPP#.####.#
#. #.###.#####.......
## #
#............###.#
..#.#####.###........#
#..# ##.## .##>###.#
#..S##.## #.# #.S@.##
#.# #.S#........ #.#
#..######.#.. #.# ##.
######.. . .........
.. #####.### .. #.##.
._. #.... ####.


You could see 2 adders and a ball python.

Vanquished Creatures
  An adder (D:2)
  2 worms
  4 bats
  An endoplasm (D:3)
  4 giant cockroaches
  4 goblins (D:1)
  10 hobgoblins
  6 kobolds
  3 quokkas
  3 ball pythons
  5 frilled lizards
  4 rats
47 creatures vanquished.

Notes
Turn   | Place    | Note
-------+----------+-------------------------------------------
     0 | D:1      | qw the Minotaur Hexslinger began the quest for the Orb.
     0 | D:1      | Reached XP level 1. HP: 16/16 MP: 1/1
     0 | D:1      | 0 ||| qw: Version: 0.3-a-52-g30416fa
     0 | D:1      | 0 ||| qw: Game counter: 5667
     0 | D:1      | 0 ||| qw: Melee chars always use a shield: true
     0 | D:1      | 0 ||| qw: God list: Okawaru
     0 | D:1      | 0 ||| qw: Allow faded altars: false
     0 | D:1      | 0 ||| qw: Do Orc after clearing Dungeon:15 true
     0 | D:1      | 0 ||| qw: Do second Lair branch before Depths: true
     0 | D:1      | 0 ||| qw: Lair rune preference: random
     0 | D:1      | 0 ||| qw: Goals: Normal
     0 | D:1      | 0 ||| PLANNING D:1-11
   176 | D:1      | Reached skill level 3 in Ranged Weapons
   176 | D:1      | Reached XP level 2. HP: 23/23 MP: 2/2
   563 | D:1      | 563 ||| UPGRADING to +0 leather armour.
   573 | D:1      | 573 ||| DROPPING +0 robe.
   574 | D:1      | 574 ||| READING scroll labelled BICLUB UNLET.
   575 | D:1      | 575 ||| READING scroll labelled NISIM GOGEPA.
   576 | D:1      | 576 ||| DRINKING 2 lumpy inky potions.
   577 | D:1      | 577 ||| DROPPING scroll of poison.
   692 | D:2      | Reached XP level 3. HP: 29/29 MP: 3/3
   696 | D:2      | Found an opulent altar of Gozag.
   858 | D:2      | Reached skill level 4 in Ranged Weapons
  1095 | D:2      | 1095 ||| UPGRADING to +0 pair of gloves.
  1100 | D:2      | 1100 ||| READING scroll labelled GODGHE KUIWOET.
  1103 | D:2      | 1103 ||| READING scroll labelled BEILUIQ VA AVU.
  1104 | D:2      | 1104 ||| DRINKING 2 glowing emerald potions.
  1109 | D:2      | 1109 ||| DROPPING potion of ambrosia.
  1129 | D:3      | 1129 ||| STAIRDANCE
  1168 | D:3      | Identified the ring of Fidi {rF+ Int+6 Stlth+}
  1248 | D:3      | Found a faded altar of an unknown god.
  1259 | D:3      | HP: 7/29 [poisoned by an adder]
  1259 | D:3      | HP: 1/29 [adder (4)]
  1260 | D:3      | Succumbed to an adder's poison

Levels and vault maps discovered:
D:1:      ldierk_walled_garden_2, layout_loops_cross
D:2:      layout_rooms, minmay_hexomino_r4
D:3:      layout_loops_ring, general_overflow_altar,
          nicolae_ecumenical_snake_handling, minmay_misc_feat_ornament,
          wad_floor_pattern_untrapped, serial_park_tiny_pond,
          minmay_gold_behind_fungi, kennysheep_nondescript, grunt_ministairs_13,
          uniq_ijyb

Skill      XL: |  1  2  3 |
---------------+----------+-----
Ranged Weapons | 3 4 |  4.5
Fighting       | 2 |  2.0
Dodging        | |  2.1
Spellcasting   | |  1.0
Hexes          | |  2.0

Action                     || total
---------------------------++-------
   Fire: Sling             ||   140
    Use: Scroll            ||     4
         Potion            ||     2
 Armour: Leather armour    ||    19
         Robe              ||     1
  Dodge: Dodged            ||    42

Table legend:
 A = Non-vault XP
 B = Vault XP
 C = Vault XP percentage of total XP
 D = Non-vault monster count
 E = Vault monster count
 F = Vault count percentage of total count
                 A         B        C        D         E       F
            +---------+---------+-------+---------+---------+-------
      Total |      81 |      13 |  13.8 |      39 |       8 |  17.0
            +---------+---------+-------+---------+---------+-------
        D:1 |      28 |       0 |   0.0 |      16 |       0 |   0.0
        D:2 |      44 |      11 |  20.0 |      20 |       6 |  23.1
        D:3 |       9 |       2 |  18.2 |       3 |       2 |  40.0
            +---------+---------+-------+---------+---------+-------
